Unix NetHack Version 5.0.0-0 post-release - last build May 17 2026 04:57:42 (dc50c8380fa5e20985bfe3072449f57b8d9895ef,branch:main).

Game began 2026-05-20 05:14:28, ended 2026-05-20 06:43:32.

ArrBianca, lawful female dwarven Archeologist

                               -----
                ----------     |...|          #
                |........|     |....#      --.#---
               #.........|     |...|###### |.....|
               #|........|     |...|     [ |.....|
           #####|.........###  -.-|-     ##......|#################**##
           #    |......<.|  ###############---|---#                ---.------
 ----------#    |........|       #####    #########                |........|
 |........|#    -.--------       #   #        )##                 #...*.....|
 |.%......|#     ##       #####(###############################   #|........|
 |(.>.....-#      #       #      #   ##     -----.-        ---.-  #|......).|
 -.--------  ##############    --.--- ##    |.....|        |.^^|  #|.)......|
  ############   -|-----      #..(..|  ##   |.....|        |..^|  #----------
                 |.....|      #|_{..|   ##  |.....|     ----..^|  #
                 |.....-####@u#|....|    ###......|     |.^..).|###
                 |.....|       ------       |......#####..^.^^^.#
                 -------                    -------     |.^.^^^|
                                                        --------

ArrBianca the Field Worker  St:7 Dx:11 Co:16 In:13 Wi:16 Ch:10  Lawful
Dlvl:3  $:58 HP:0(45) Pw:22(22) AC:9  Xp:5 T:2580 

Latest messages:
 What do you want to use or apply? [ae-ho or ?*] e
 In what direction do you want to dig? [hykunjb>] h
 You continue hitting the boulder.
 The boulder falls apart.
 a - a +2 bullwhip (weapon in left hand).
 e - a +0 pick-axe (alternate weapon; not wielded).
 What do you want to wield? [- aenvF or ?*] ?
 v - a morning star named Trollsbane (weapon in left hand).
 Where do you want to travel to?
 (For instructions type a '?')
 You hit the iguana!
 You hit the iguana!
 The iguana bites!
 You kill the iguana!
 You see here an iguana corpse.
 There is an iguana corpse here; eat it? [ynq] (n) y
 This iguana corpse is gamey.
 You finish eating the iguana corpse.
 You kill the rabid rat!
 B - a steel wand.
 The pony kicks!
 The pony bites!
 The pony kicks!
 The pony bites!
 You miss the pony.
 The pony kicks!
 The pony bites!
 The pony kicks!
 The pony bites!
 You hit the pony!
 The pony kicks!
 The pony bites!
 The pony kicks!
 The pony bites!
 What do you want to throw? [$anF or ?*] ?
 Never mind.
 What do you want to throw? [$anF or ?*] *
 Never mind.
 The pony kicks!
 The pony bites!
 You miss the pony.
 The pony kicks!
 The pony bites!
 The pony kicks!
 You die...
 Do you want your possessions identified? [ynq] (y) y
 Do you want to see your attributes? [ynq] (y) y
 Do you want an account of creatures vanquished? [ynaq] (y) y
 Do you want to see your conduct and achievements? [ynq] (y) y
 Do you want to see the dungeon overview? [ynq] (y) n

Inventory:
 Coins    ('$')
  $ - 58 gold pieces
 Weapons  (')')
  n - 5 +0 arrows
  F - 36 +0 darts
  a - a +2 bullwhip
  v - the rustproof +2 Trollsbane (weapon in left hand)
 Armor    ('[')
  c - an uncursed +0 fedora (being worn)
  A - a blessed +0 cloak of displacement
  b - an uncursed +0 leather jacket (being worn)
 Comestibles  ('%')
  r - an uncursed clove of garlic
  t - 2 uncursed homemade tins of acid blob
  C - an uncursed homemade tin of kobold meat
  E - an uncursed homemade tin of yellow mold
  m - an uncursed lichen corpse
 Scrolls  ('?')
  x - a blessed scroll of fire
  z - an uncursed scroll of identify
  q - an uncursed scroll of light
  l - an uncursed scroll of teleportation
 Potions  ('!')
  j - a blessed potion of sickness
  i - an uncursed potion of speed
 Rings    ('=')
  p - a cursed ring of see invisible
 Wands    ('/')
  B - a wand of locking (0:3)
  o - a wand of magic missile (0:7)
 Tools    ('(')
  h - an uncursed sack containing 1 item
  e - a +0 pick-axe (alternate weapon; not wielded)
  f - a tinning kit (0:69)
 Gems/Stones  ('*')
  g - an uncursed touchstone

Contents of the sack:
  3 uncursed tripe rations

ArrBianca the Archeologist's attributes:

Background:
 You were a Field Worker, a level 5 female dwarven Archeologist.
 You were lawful, on a mission for Quetzalcoatl
 who was opposed by Camaxtli (neutral) and Huhetotl (chaotic).
 You were left-handed.
 You were in the Dungeons of Doom, on level 3.
 You entered the dungeon 2580 turns ago.
 You had 175 experience points, 145 more were needed to attain level 6.

Basics:
 You had 0 out of 45 hit points.
 You had all 22 energy points (spell power).
 Your armor class was 9.
 Your wallet contained 58 zorkmids.
 Autopickup was on for '$?!/="+%' plus thrown, with exceptions.

Final Characteristics:
 Your strength was 7 (peak:12, limit:18/100).
 Your dexterity was 11 (limit:20).
 Your constitution was 16 (limit:20).
 Your intelligence was 13 (limit:16).
 Your wisdom was 16 (limit:16).
 Your charisma was 10 (limit:16).

Final Status:
 You weren't hungry.
 You were unencumbered.
 You were wielding a morning star.
 You had basic skill with morning star.

Final Attributes:
 You were piously aligned.
 You were telepathic.
 You had automatic searching.
 You had infravision.
 You were stealthy.
 You regenerated.
 You were lucky.
 You are dead.

Miscellaneous:
 You didn't encounter any bones levels.
 Total elapsed playing time was 1 hour, 10 minutes and 37 seconds.

Major events:
 Turn
    1: ArrBianca the lawful female dwarven Archeologist entered the dungeon
  868: attained the rank of Field Worker (level 3)
  900: was bestowed with Trollsbane by Quetzalcoatl
 2580: killed by a pony

You didn't know any spells.

Skills:
 Fighting Skills
   bare handed combat [Unskilled]
   two weapon combat  [Unskilled]
   riding             [Unskilled]
 Weapon Skills
   dagger             [Unskilled]
   knife              [Unskilled]
   pick-axe           [Basic]
   short sword        [Unskilled]
   saber              [Unskilled]
   club               [Unskilled]
   morning star       [Basic]
   quarterstaff       [Unskilled]
   sling              [Unskilled]
   dart               [Unskilled]
   boomerang          [Unskilled]
   whip               [Basic]
   unicorn horn       [Unskilled]
 Spellcasting Skills
   attack spells      [Unskilled]
   healing spells     [Unskilled]
   divination spells  [Unskilled]
   matter spells      [Unskilled]

Voluntary challenges:
 Character rerolling was not enabled.
 You never genocided any monsters.
 You never polymorphed an object.
 You never changed form.
 You used no wishes.
Achievement:
 You attained the rank of Field Worker.

 The Dungeons of Doom: levels 1 to 3
    Level 1:
    Level 2:
       A grave.
    Level 3: <- You were here.
       An altar to Quetzalcoatl, a fountain.
       Final resting place for
          you, killed by a pony.


Vanquished creatures:
  a little dog
  a floating eye
  a kitten
  a rabid rat
  a giant bat
  8 orc zombies
  a dwarf zombie
  6 iguanas
  5 acid blobs
  a hobbit
  4 manes
  a large kobold
  a hobgoblin
  3 giant rats
  2 yellow molds
  a red mold
  7 gnome zombies
  3 geckos
  2 jackals
  a fox
  2 kobolds
  4 grid bugs
  3 lichens
  7 kobold zombies
  3 newts
70 creatures vanquished.

No species were genocided or became extinct.

Game over:
                       ----------
                      /          \
                     /    REST    \
                    /      IN      \
                   /     PEACE      \
                  /                  \
                  |    ArrBianca     |
                  |      58 Au       |
                  | killed by a pony |
                  |                  |
                  |                  |
                  |                  |
                  |       2026       |
                 *|     *  *  *      | *
        _________)/\\_//(\/(/\)/\//\/|_)_______

Goodbye ArrBianca the Archeologist...

You died in The Dungeons of Doom on dungeon level 3 with 863 points,
and 58 pieces of gold, after 2580 moves.
You were level 5 with a maximum of 45 hit points when you died.

